 Dungeon Crawl Stone Soup version 0.21.1-1-g345015f (webtiles) character file.

282117 suicidejoker the Marksminotaur (level 19, -8/166 HPs)
             Began as a Minotaur Hunter on Mar 25, 2018.
             Was the Champion of Cheibriados.
             Shot with an arrow by a deep elf master archer (15 damage)
             ... on level 3 of the Elven Halls.
             The game lasted 02:35:27 (32332 turns).

suicidejoker the Marksminotaur (Minotaur Hunter)   Turns: 32332, Time: 02:35:28

Health: -8/166     AC: 22    Str: 36    XL:     19   Next: 72%
Magic:  20/30      EV: 28    Int: 13    God:    Cheibriados [******]
Gold:   584        SH:  4    Dex: 36    Spells: 22/27 levels left

rFire    + . .     SeeInvis +   b - +9 quarterstaff "Aqepysuxt" {freeze, rPois rN+}
rCold    + + .     Gourm    .   (shield currently unavailable)
rNeg     + + .     Faith    .   e - +0 ring mail of Fiutre {*Slow MR+++ Int-5 SInv} (curse)
rPois    +         Spirit   .   (helmet unavailable)
rElec    .         Reflect  +   T - +2 cloak
rCorr    .         Harm     .   r - +2 pair of gloves
MR       ++++.                  O - +1 pair of boots of Taeloez {rF+ rN+ Dex+4}
Stlth    ++........             n - +4 amulet of reflection
HPRegen  0.37/turn              E - ring "Qiffy" {rPois rC++ AC+4 Int-5 SInv}
MPRegen  0.22/turn              j - +6 ring of slaying

@: about to teleport, slowed, drained, very slow
A: retaliatory headbutt, horns 3, talons 1, high mp 1, shaggy fur 1, strong 1,
sturdy frame 1
}: 2/15 runes: decaying, gossamer
a: Bend Time, Temporal Distortion, Slouch, Step From Time, Renounce Religion


You were on level 3 of the Elven Halls.
You worshipped Cheibriados.
Cheibriados was exalted by your worship.
You were hungry.

You visited 7 branches of the dungeon, and saw 35 of its levels.

You collected 2744 gold pieces.
You spent 2160 gold pieces at shops.

Inventory:

Hand Weapons
 a - a +9 longbow of venom
 b - the +9 quarterstaff "Aqepysuxt" (weapon) {freeze, rPois rN+}
   (You found it on level 4 of the Dungeon)

   It has been specially enchanted to freeze those struck by it, causing extra
   injury to most foes and up to half again as much damage against particularly
   susceptible opponents.
   It can also slow down cold-blooded creatures.
   It protects you from poison.
   It protects you from negative energy.
 q - a +4 vampiric battleaxe
 t - the +10 broad axe "Gaqarahu" {pain, rC++ MR-}
   (You found it on level 3 of the Swamp)

   In the hands of one skilled in necromantic magic, it inflicts extra damage on
   living creatures.
   It greatly protects you from cold.
   It affects your resistance to hostile enchantments.
 S - a +2 triple sword of flaming
Missiles
 d - 535 arrows
Armour
 e - the cursed +0 ring mail of Fiutre (worn) {*Slow MR+++ Int-5 SInv}
   (You bought it in a shop on level 2 of the Orcish Mines)

   It affects your intelligence (-5).
   It affects your resistance to hostile enchantments.
   It lets you see invisible.
   It may slow you when you take damage.
   It has a curse placed upon it.
 r - a +2 pair of gloves (worn)
 z - a +1 plate armour of magic resistance
 C - the +2 ring mail of the Dice {rN+ SInv}
   (You found it on level 4 of the Dungeon)

   It protects you from negative energy.
   It lets you see invisible.
 O - the +1 pair of boots of Taeloez (worn) {rF+ rN+ Dex+4}
   (You found it on level 15 of the Dungeon)

   It affects your dexterity (+4).
   It protects you from fire.
   It protects you from negative energy.
 T - a +2 cloak (worn)
 W - a +2 shield
Jewellery
 j - a +6 ring of slaying (right hand)
 n - a +4 amulet of reflection (around neck)
 D - the ring "Vinwutoh" {rElec rPois rN+++ Dex-5 SInv}
   (You bought it in a shop on level 3 of the Elven Halls)

   [ring of poison resistance]

   It affects your dexterity (-5).
   It insulates you from electricity.
   It protects you from poison.
   It renders you almost immune to negative energy.
   It lets you see invisible.
 E - the ring "Qiffy" (left hand) {rPois rC++ AC+4 Int-5 SInv}
   (You acquired it on level 10 of the Dungeon)

   [ring of protection]

   It affects your AC (+4).
   It affects your intelligence (-5).
   It greatly protects you from cold.
   It protects you from poison.
   It lets you see invisible.
 F - an uncursed amulet of regeneration
 N - an uncursed ring of fire
 P - an uncursed ring of flight
 Q - an uncursed ring of protection from cold
 Y - the ring of Secrets {rC+ MR+ AC+5 Str-4 Dex+4}
   (You acquired it on level 14 of the Dungeon)

   [ring of protection]

   It affects your AC (+5).
   It affects your strength (-4).
   It affects your dexterity (+4).
   It protects you from cold.
   It affects your resistance to hostile enchantments.
Wands
 c - a wand of iceblast (44)
 g - a wand of acid (10)
 o - a wand of disintegration (41)
 G - a wand of scattershot (10)
 J - a wand of digging (16)
 L - a wand of clouds (5)
 M - a wand of flame (60)
Scrolls
 h - 16 scrolls of remove curse
 k - 9 scrolls of magic mapping
 l - 5 scrolls of amnesia
 m - a scroll of holy word
 p - 17 scrolls of teleportation
 u - 3 scrolls of fog
 v - 3 scrolls of blinking
 w - 6 scrolls of enchant weapon
 y - 8 scrolls of enchant armour
Potions
 i - 3 potions of ambrosia
 s - 8 potions of curing
 x - 3 potions of flight
 B - 8 potions of lignification
 H - 2 potions of invisibility
 I - 2 potions of brilliance
 K - 2 potions of resistance
 R - 3 potions of might
 U - 4 potions of heal wounds
 V - 4 potions of agility
 X - 2 potions of magic
 Z - a potion of cancellation
Miscellaneous
 A - a lightning rod (4/4)
Comestibles
 f - 61 rations


   Skills:
 + Level 13.8 Fighting
 * Level 9.5 Long Blades
 - Level 5.5 Axes
   Level 0.0(11.9) Maces & Flails
 - Level 17.0 Staves
 * Level 17.4 Bows
 + Level 13.5 Armour
 + Level 12.9(12.8) Dodging
 - Level 0.7 Stealth
 + Level 8.0 Shields
 + Level 4.8 Spellcasting
 + Level 4.9 Hexes
 + Level 5.0 Charms
 + Level 4.8 Translocations
 * Level 13.1 Invocations


You had 22 spell levels left.
You knew the following spells:

 Your Spells              Type           Power        Failure   Level  Hunger
a - Song of Slaying       Chrm           ###.....     4%          2    ##.....
b - Slow                  Hex            ###.....     4%          2    ##.....
c - Apportation           Tloc           ###...       3%          1    None


Dungeon Overview and Level Annotations

Branches:
Dungeon (15/15)            Temple (1/1) D:4            Lair (6/6) D:9
  Swamp (4/4) Lair:4       Spider (4/4) Lair:2        Slime (0/5) Lair:6
    Orc (2/2) D:10            Elf (3/3) Orc:2        Vaults (0/5) D:13
 Depths (0/5) D:15

Altars:
Ashenzari
Cheibriados
Dithmenos
Elyvilon
Fedhas
Gozag
Hepliaklqana
Kikubaaqudgha
Makhleb
Nemelex Xobeh
Okawaru
Qazlal
Ru
Sif Muna
Trog
Uskayaw
Vehumet
Wu Jian
Xom
Yredelemnul
Zin
The Shining One
Beogh

Shops:
D:5 *   D:10 [?   Orc:2 [}*}?   Elf:1 =%}[?   Elf:3 }=}=

Annotations:
Lair:2 exclusion: oklob plant


Innate Abilities, Weirdness & Mutations

You reflexively headbutt those who attack you in melee.
You have a pair of large horns on your head.
You have sharp toenails.
You have an increased reservoir of magic. (+10% MP)
You are covered in fur. (AC +1)
Your muscles are strong. (Str +2)
Your movements are slightly less encumbered by armour. (ER -2)


Message History

The arrow completely misses you.
The deep elf master archer shoots an arrow.
The arrow misses you.
The deep elf high priest utters an invocation to its god.
Some corpses begin to drag themselves along the ground!
Some corpses meld into an agglomeration of writhing flesh!
The deep elf master archer shoots an arrow.
The arrow hits you!!
* * * LOW HITPOINT WARNING * * *
You feel yourself slow down.
The deep elf archer shoots an arrow.
The arrow hits you!!
* * * LOW HITPOINT WARNING * * *
The deep elf high priest prays to its god.
The deep elf high priest begins emitting a brilliant aura!
The deep elf master archer shoots an arrow.
The arrow hits you!
* * * LOW HITPOINT WARNING * * *
The deep elf master archer shoots an arrow.
The arrow hits you!
You die...

#......# #......#
###......#
.........#
.........########
###.)...........##
#......######.x#
#..##### ##(##
##.# ##)@.# ###
#x))## #xe(##
#()e## ## ##(e . #
##. .. ## ## .#
#<# .##.#


You could see a deep elf blademaster, a deep elf master archer, a deep elf high
priest, a small abomination and 2 crawling corpses.

Vanquished Creatures
  Bai Suzhen (Swamp:3)
  Nikola (Swamp:1)
  Rupert (Lair:4)
  A deep elf blademaster (Elf:2)
  Asterion (Spider:1)
  Frances (Elf:1)
  Kirke (Swamp:1)
  Agnes (Elf:1)
  A tengu reaver (D:13)
  Roxanne (D:15)
  3 thorn hunters
  The ghost of reptisaurus the Thaumaturge, an adept VSCj of Vehumet (Spider:4)
  Donald (Swamp:1)
  2 deep elf sorcerers
  Aizul (Swamp:4)
  2 ghost moths (Spider:4)
  6 emperor scorpions
  A ghoul (Swamp:3)
  A spriggan defender (Elf:1)
  3 entropy weavers
  Nessos (D:13)
  A deep elf demonologist (Elf:3)
  3 spark wasps (Spider:4)
  3 deep elf annihilators
  7 dire elephants
  Snorg (Lair:4)
  3 deep elf death magi
  Erolcha (Orc:2)
  31 hydras
  Harold (D:12)
  4 vault guards (D:13)
  The ghost of JeffiDaFish the Arsonist, a journeyman DrFE of Vehumet (D:11)
  7 alligators
  2 anacondas
  2 ogre magi (Orc:2)
  5 centaur warriors
  25 dancing weapons
  A death yak (Lair:4)
  An anaconda (shapeshifter) (Elf:3)
  A death knight (D:15)
  5 two-headed ogres
  2 tengu warriors
  2 orc high priests
  Urug (D:15)
  A spriggan berserker (Swamp:4)
  Nergalle (Orc:2)
  27 deep elf knights
  The ghost of jerdpen the Spear-Bearer, a novice MiMo of Kikubaaqudgha (D:8)
  A skeletal warrior (D:15)
  3 unseen horrors
  4 large abominations (Elf:1)
  2 spriggan druids (Swamp:3)
  6 swamp dragons
  12 deep elf archers
  A necromancer (Elf:1)
  53 deep elf magi
  3 shambling mangroves
  36 wolf spiders
  8 orc sorcerers (Orc:2)
  16 orb spiders
  2 manticores
  4 cyclopes
  A salamander (D:15)
  8 ugly things
  A moth of wrath (Spider:4)
  19 elephants
  The ghost of StuartIV the Cudgeler, a novice TrFi (D:4)
  Psyche (D:11)
  The ghost of jerdpen the Cleaver, a novice MiMo (D:5)
  4 black mambas
  Joseph (D:9)
  19 spiny frogs
  2 gargoyles
  A kobold demonologist (D:13)
  5 torpor snails
  4 rime drakes
  2 freezing wraiths (D:15)
  A yaktaur (D:15)
  10 komodo dragons
  An efreet (D:13)
  24 demonic crawlers
  3 trolls
  A queen bee (Lair:4)
  6 tyrant leeches
  A troll (shapeshifter) (Elf:1)
  6 meliai
  16 slime creatures
  34 jumping spiders
  17 bog bodies
  A meliai zombie (D:13)
  18 hornets
  13 blink frogs
  13 hippogriffs
  18 dream sheep
  A redback (shapeshifter) (Elf:2)
  2 air elementals (Elf:1)
  89 redbacks
  3 wraiths
  2 water elementals
  26 tarantellas
  3 spriggans
  50 yaks
  2 shadows
  A fire elemental (Elf:2)
  5 wyverns
  The ghost of suicidejoker the Shooter, an amateur MiHu (D:3)
  28 vampire mosquitoes
  4 basilisks
  Eustachio (D:5)
  4 hungry ghosts
  3 hogs (Swamp:1)
  18 swamp worms
  2 soldier ants
  12 water moccasins
  2 acid dragons
  Duvessa (D:7)
  11 porcupines
  6 ice beasts
  17 swamp drakes
  2 sky beasts
  14 orc warriors
  4 necrophages (Swamp:3)
  A phantom (D:12)
  24 wolves
  An eye of draining (D:13)
  2 centaurs
  9 ogres
  10 crocodiles
  2 big kobolds
  4 elf zombies (Elf:1)
  16 bullfrogs
  2 earth elementals
  9 scorpions
  Dowan (D:7)
  33 killer bees
  11 wights
  4 electric eels
  5 howler monkeys
  A crimson imp (D:5)
  2 bullfrog zombies (D:7)
  3 quasits
  2 centaur zombies
  18 jellies
  3 centaur skeletons
  11 orc priests
  5 bullfrog skeletons
  5 hounds
  6 iguanas
  43 orc wizards
  A hell rat (Lair:4)
  15 worker ants
  A hound skeleton (D:7)
  A worker ant zombie (D:11)
  7 gnolls
  14 adders
  5 shadow imps
  12 white imps (Lair:4)
  8 oozes
  2 worms
  2 dart slugs (D:1)
  4 leopard geckos
  86 orcs
  7 giant cockroaches
  8 goblins
  6 hobgoblins
  14 jackals
  2 quokkas
  4 ball pythons (Swamp:1)
  7 bats
  3 frilled lizards
  14 kobolds
  2 leopard gecko skeletons
  A quokka skeleton (D:9)
  8 rats
  A plant (Lair:6)
1358 creatures vanquished.

Vanquished Creatures (others)
  An orb spider (Spider:3)
  A spiny frog (Swamp:3)
  A tarantella (Spider:2)
  A hobgoblin (D:3)
  A bush (Lair:6)
  10 fungi
  13 plants
28 creatures vanquished.

Grand Total: 1386 creatures vanquished

Notes
Turn   | Place    | Note
-------+----------+-------------------------------------------
     0 | D:1      | suicidejoker the Minotaur Hunter began the quest for the Orb.
     0 | D:1      | Reached XP level 1. HP: 18/18 MP: 0/0
   478 | D:1      | Reached XP level 2. HP: 24/25 MP: 1/1
   541 | D:1      | Reached skill level 1 in Armour
   741 | D:1      | Reached XP level 3. HP: 30/30 MP: 2/2
  1109 | D:2      | Reached skill level 5 in Bows
  1122 | D:2      | Reached XP level 4. HP: 10/38 MP: 1/3
  2224 | D:3      | Reached XP level 5. HP: 45/45 MP: 4/4
  2318 | D:3      | Noticed suicidejoker's ghost (amateur MiHu)
  2331 | D:3      | Killed suicidejoker's ghost
  2331 | D:3      | Reached XP level 6. HP: 41/52 MP: 5/5
  2367 | D:3      | Found a white marble altar of Elyvilon.
  2682 | D:3      | Found an ornate altar of the Wu Jian Council.
  2812 | D:4      | Noticed StuartIV's ghost (novice TrFi)
  2842 | D:4      | Killed StuartIV's ghost
  2842 | D:4      | Reached XP level 7. HP: 54/60 MP: 6/6
  2935 | D:4      | Reached skill level 5 in Fighting
  2946 | D:4      | Got a polished ring mail
  2957 | D:4      | Identified the +2 ring mail of the Dice {rN+ SInv} (You found it on level 4 of the Dungeon)
  3020 | D:4      | Found a staircase to the Ecumenical Temple.
  3079 | Temple   | Entered the Ecumenical Temple
  3369 | D:4      | Found a radiant altar of Vehumet.
  3532 | D:4      | Got a translucent quarterstaff
  3533 | D:4      | Identified the +9 quarterstaff "Aqepysuxt" {freeze, rPois rN+} (You found it on level 4 of the Dungeon)
  3639 | D:4      | Reached skill level 1 in Staves
  3906 | D:4      | Found a sparkling altar of Nemelex Xobeh.
  3998 | D:5      | Entered Level 5 of the Dungeon
  4004 | D:5      | Noticed jerdpen's ghost (novice MiMo)
  4011 | D:5      | Killed jerdpen's ghost
  4011 | D:5      | Reached skill level 5 in Dodging
  4011 | D:5      | Reached XP level 8. HP: 53/69 MP: 5/7
  4012 | D:5      | Reached skill level 5 in Armour
  4090 | D:5      | Found Voshak's General Store.
  4116 | D:5      | Bought a scroll of enchant weapon for 90 gold pieces
  4313 | D:5      | Noticed Eustachio
  4318 | D:5      | Killed Eustachio
  4617 | D:6      | Found a bloodstained altar of Trog.
  4666 | D:6      | Found a shadowy altar of Dithmenos.
  4669 | D:6      | Reached XP level 9. HP: 75/75 MP: 8/8
  4708 | D:6      | Reached skill level 5 in Staves
  4824 | D:6      | Found a glowing golden altar of the Shining One.
  4845 | D:6      | Found a shattered altar of Ashenzari.
  4961 | D:6      | Found an iron altar of Okawaru.
  5007 | D:6      | Found a basalt altar of Yredelemnul.
  5193 | D:7      | Found a burning altar of Makhleb.
  5195 | D:7      | Noticed a blizzard demon
  5300 | D:7      | Found a hazy altar of Hepliaklqana.
  5343 | D:7      | Noticed Dowan
  5347 | D:7      | Noticed Duvessa
  5352 | D:7      | Killed Dowan
  5356 | D:7      | Killed Duvessa
  5784 | D:7      | You fall through a shaft for 3 floors!
  5784 | D:10     | Entered Level 10 of the Dungeon
  5816 | D:10     | Found a staircase to the Orcish Mines.
  5913 | D:9      | Found a staircase to the Lair.
  6088 | D:8      | Reached skill level 10 in Bows
  6093 | D:8      | Reached XP level 10. HP: 71/86 MP: 9/9
  6111 | D:8      | Noticed jerdpen's ghost (novice MiMo)
  6129 | D:8      | Killed jerdpen's ghost
  6880 | D:9      | Found a snail-covered altar of Cheibriados.
  6883 | D:9      | Became a worshipper of Cheibriados the Contemplative
  6893 | D:9      | Noticed a two-headed ogre
  6898 | D:9      | Killed a two-headed ogre
  6964 | D:9      | Noticed Joseph
  6970 | D:9      | Killed Joseph
  7087 | D:9      | Reached * piety under Cheibriados
  7292 | D:10     | Found Turodet's Armour Shop.
  7305 | D:10     | Noticed a two-headed ogre
  7312 | D:10     | Killed a two-headed ogre
  7443 | D:10     | Found Uxzolev's Magic Scroll Emporium.
  7466 | D:10     | Noticed an unseen horror
  7473 | D:10     | Killed an unseen horror
  7473 | D:10     | Reached XP level 11. HP: 95/95 MP: 10/10
  7912 | D:11     | Noticed JeffiDaFish's ghost (journeyman DrFE)
  7926 | D:11     | Killed JeffiDaFish's ghost
  8148 | D:11     | Reached ** piety under Cheibriados
  8179 | D:11     | Noticed a two-headed ogre
  8184 | D:11     | Killed a two-headed ogre
  8184 | D:11     | Reached skill level 10 in Staves
  8184 | D:11     | Reached skill level 1 in Invocations
  8238 | D:11     | Noticed a six-headed hydra
  8246 | D:11     | Killed a six-headed hydra
  8442 | D:11     | Noticed Psyche
  8449 | D:11     | Killed Psyche
  8574 | D:11     | Noticed a purple ugly thing
  8583 | D:11     | Killed a purple ugly thing
  8749 | D:11     | Reached *** piety under Cheibriados
  9052 | D:11     | Noticed a red ugly thing
  9059 | D:11     | Killed a red ugly thing
  9306 | D:12     | Noticed Harold
  9320 | D:12     | Killed Harold
  9424 | D:12     | Noticed a deep elf mage
  9443 | D:12     | Killed a deep elf mage
  9471 | D:12     | Reached XP level 12. HP: 105/105 MP: 13/13
  9645 | D:12     | Reached **** piety under Cheibriados
 10026 | D:12     | Noticed a two-headed ogre
 10031 | D:12     | Killed a two-headed ogre
 10265 | D:13     | Noticed Nessos
 10312 | D:13     | Killed Nessos
 10312 | D:13     | Reached skill level 5 in Invocations
 10466 | D:13     | Got a brightly glowing whip
 10467 | D:13     | Identified the cursed +1 whip of Earthquakes {antimagic, rF+ rN++ MR+ Dex-5} (You found it on level 13 of the Dungeon)
 10469 | D:13     | Noticed a centaur warrior
 10472 | D:13     | Killed a centaur warrior
 10531 | D:13     | Found a gate to the Vaults.
 10531 | D:13     | Noticed a vault guard
 10531 | D:13     | Noticed a vault guard
 10531 | D:13     | Noticed a vault guard
 10532 | D:13     | Noticed a vault guard
 10533 | D:13     | Noticed a centaur warrior
 10549 | D:13     | Killed a vault guard
 10549 | D:13     | Reached skill level 10 in Fighting
 10559 | D:13     | Killed a vault guard
 10563 | D:13     | Killed a vault guard
 10567 | D:13     | Killed a centaur warrior
 10577 | D:13     | Killed a vault guard
 10797 | D:13     | Reached XP level 13. HP: 102/113 MP: 13/16
 10841 | D:13     | Reached skill level 10 in Armour
 10843 | D:13     | Reached ***** piety under Cheibriados
 11298 | D:13     | Noticed a tengu reaver
 11309 | D:13     | Killed a tengu reaver
 11571 | D:14     | Found a shattered altar of Ashenzari.
 11641 | D:14     | Identified a scroll of acquirement
 11642 | D:14     | Got a glittering amber ring
 11643 | D:14     | Identified the ring of Secrets {rC+ MR+ AC+5 Str-4 Dex+4} (You acquired it on level 14 of the Dungeon)
 11778 | D:14     | Reached skill level 10 in Dodging
 12360 | D:15     | Entered Level 15 of the Dungeon
 12402 | D:15     | Found a staircase to the Depths.
 12403 | D:15     | Noticed a dire elephant
 12411 | D:15     | Killed a dire elephant
 12663 | D:15     | Reached ****** piety under Cheibriados
 12731 | D:15     | Reached XP level 14. HP: 95/124 MP: 14/19
 12914 | D:15     | Got a pair of crude boots
 12925 | D:15     | Identified the +1 pair of boots of Taeloez {rF+ rN+ Dex+4} (You found it on level 15 of the Dungeon)
 13007 | D:15     | Noticed Urug
 13012 | D:15     | Killed Urug
 13185 | D:15     | Noticed Roxanne
 13214 | D:15     | Killed Roxanne
 13220 | D:15     | Gained mutation: You evolve. [potion of mutation]
 13220 | D:15     | Gained mutation: You are surrounded by a mild repulsion field. (EV +2) [potion of mutation]
 13511 | Lair:1   | Entered Level 1 of the Lair of Beasts
 13982 | Lair:1   | Learned a level 2 spell: Song of Slaying
 13992 | Lair:1   | Learned a level 2 spell: Slow
 14687 | Lair:2   | Found a hole to the Spider Nest.
 15083 | Lair:2   | Found a blossoming altar of Fedhas.
 15753 | Lair:3   | Reached skill level 1 in Hexes
 15875 | Lair:3   | Gained mutation: You have a somewhat thin skeletal structure. (Dex +2, Stealth) [evolution]
 16203 | Lair:4   | Reached skill level 1 in Spellcasting
 16204 | Lair:4   | Noticed Rupert
 16219 | Lair:4   | Killed Rupert
 16219 | Lair:4   | Reached skill level 1 in Charms
 16364 | Lair:4   | Found a staircase to the Swamp.
 16820 | Lair:4   | Reached XP level 15. HP: 132/132 MP: 19/21
 17047 | Lair:4   | Learned a level 1 spell: Apportation
 17132 | Lair:4   | Noticed Snorg
 17139 | Lair:4   | Killed Snorg
 17139 | Lair:4   | Reached skill level 15 in Bows
 17911 | Lair:5   | Reached skill level 1 in Long Blades
 18072 | Lair:5   | Gained mutation: You are agile. (Dex +2) [evolution]
 18831 | Lair:6   | Entered Level 6 of the Lair of Beasts
 18844 | Lair:6   | Reached skill level 1 in Shields
 18853 | Lair:6   | Reached skill level 10 in Invocations
 18875 | Lair:6   | Reached skill level 1 in Translocations
 18937 | Lair:6   | Found a staircase to the Slime Pits.
 20139 | Lair:6   | Reached skill level 15 in Staves
 20328 | D:10     | Bought a scroll of acquirement for 676 gold pieces
 20329 | D:10     | Got a clouded tin ring
 20331 | D:10     | Identified the ring "Qiffy" {rPois rC++ AC+4 Int-5 SInv} (You acquired it on level 10 of the Dungeon)
 20492 | Swamp:1  | Entered Level 1 of the Swamp
 20576 | Swamp:1  | Noticed a thorn hunter
 20582 | Swamp:1  | Killed a thorn hunter
 20587 | Swamp:1  | Noticed Nikola
 20598 | Swamp:1  | Killed Nikola
 20650 | Swamp:1  | Noticed Donald
 20650 | Swamp:1  | Noticed Kirke
 20655 | Swamp:1  | Reached XP level 16. HP: 139/139 MP: 20/22
 20670 | Swamp:1  | Killed Donald
 20681 | Swamp:1  | Killed Kirke
 21289 | Swamp:1  | Reached skill level 5 in Long Blades
 22247 | Swamp:3  | Noticed Bai Suzhen
 22272 | Swamp:3  | Killed Bai Suzhen
 22350 | Swamp:3  | Identified the +10 broad axe "Gaqarahu" {pain, rC++ MR-} (You found it on level 3 of the Swamp)
 22769 | Swamp:3  | Noticed a thorn hunter
 22779 | Swamp:3  | Killed a thorn hunter
 22779 | Swamp:3  | Reached skill level 1 in Axes
 23157 | Swamp:4  | Entered Level 4 of the Swamp
 23178 | Swamp:4  | Noticed Aizul
 23209 | Swamp:4  | Killed Aizul
 23532 | Swamp:4  | Reached XP level 17. HP: 111/148 MP: 24/24
 23681 | Swamp:4  | Got a decaying rune of Zot
 24109 | Spider:1 | Entered Level 1 of the Spider Nest
 24116 | Spider:1 | Reached skill level 5 in Shields
 24261 | Spider:1 | Noticed Asterion
 24320 | Spider:1 | Killed Asterion
 24692 | Spider:1 | Lost mutation: You are agile. (Dex +2) [evolution]
 26063 | Spider:3 | Identified Vuohacai's Reference Book on Sinister Earth
 26425 | Spider:4 | Entered Level 4 of the Spider Nest
 26565 | Spider:4 | Noticed reptisaurus's ghost (adept VSCj)
 26589 | Spider:4 | Killed reptisaurus's ghost
 26669 | Spider:4 | Reached XP level 18. HP: 157/157 MP: 23/25
 27773 | Spider:4 | Got a gossamer rune of Zot
 27967 | Orc:1    | Entered Level 1 of the Orcish Mines
 28130 | Orc:2    | Entered Level 2 of the Orcish Mines
 28177 | Orc:2    | Found a staircase to the Elven Halls.
 28203 | Orc:2    | Found Juciamue's General Store.
 28223 | Orc:2    | Lost mutation: You evolve. [evolution]
 28266 | Orc:2    | Reached skill level 5 in Axes
 28390 | Lair:2   | Lost mutation: You are surrounded by a mild repulsion field. (EV +2) [potion of mutation]
 28390 | Lair:2   | Lost mutation: You have a somewhat thin skeletal structure. (Dex +2, Stealth) [potion of mutation]
 28390 | Lair:2   | Gained mutation: Your spells are a little harder to cast, but a little more powerful. [potion of mutation]
 28390 | Lair:2   | Gained mutation: Your body sometimes deteriorates upon taking damage. [potion of mutation]
 28390 | Lair:2   | Gained mutation: You are covered in fur. (AC +1) [potion of mutation]
 28390 | Lair:2   | Gained mutation: You are agile. (Dex +2) [potion of mutation]
 28515 | Swamp:1  | Lost mutation: Your spells are a little harder to cast, but a little more powerful. [potion of mutation]
 28515 | Swamp:1  | Lost mutation: You are agile. (Dex +2) [potion of mutation]
 28515 | Swamp:1  | Gained mutation: Your movements are slightly less encumbered by armour. (ER -2) [potion of mutation]
 28515 | Swamp:1  | Gained mutation: You have an increased reservoir of magic. (+10% MP) [potion of mutation]
 28515 | Swamp:1  | Gained mutation: You are partially covered in large bone plates. (SH +4) [potion of mutation]
 28735 | Orc:2    | Noticed Erolcha
 28738 | Orc:2    | Killed Erolcha
 28846 | Orc:2    | Found a roughly hewn altar of Beogh.
 28971 | Orc:2    | Found a radiant altar of Vehumet.
 28994 | Orc:2    | Found Kienyas's Gadget Shop.
 29019 | Orc:2    | Noticed Nergalle
 29027 | Orc:2    | Killed Nergalle
 29035 | Orc:2    | Found an ancient bone altar of Kikubaaqudgha.
 29037 | Orc:2    | Lost mutation: You are partially covered in large bone plates. (SH +4) [potion of mutation]
 29037 | Orc:2    | Lost mutation: Your body sometimes deteriorates upon taking damage. [potion of mutation]
 29037 | Orc:2    | Gained mutation: You have a pair of large horns on your head. [potion of mutation]
 29037 | Orc:2    | Gained mutation: You have sharp toenails. [potion of mutation]
 29037 | Orc:2    | Gained mutation: Your muscles are strong. (Str +2) [potion of mutation]
 29075 | Orc:2    | Found Hiajo's Antique Armour Shop.
 29086 | Orc:2    | Bought an ichor-stained ring mail for 234 gold pieces
 29086 | Orc:2    | Identified the cursed +0 ring mail of Fiutre {*Slow MR+++ Int-5 SInv} (You bought it in a shop on level 2 of the Orcish Mines)
 29131 | Orc:2    | Found a roughly hewn altar of Beogh.
 29131 | Orc:2    | Found Sainn's Magic Scroll Boutique.
 29133 | Orc:2    | Found Plog's Gadget Shop.
 29171 | Orc:2    | Bought a scroll of enchant weapon for 112 gold pieces
 29501 | Elf:1    | Entered Level 1 of the Elven Halls
 29940 | Elf:1    | Noticed Frances
 29956 | Elf:1    | Killed Frances
 30055 | Elf:1    | Found Wanotegh's Magic Scroll Shoppe.
 30123 | Elf:1    | Found Soygets's Gadget Emporium.
 30254 | Elf:1    | Found Cikhego's Antique Armour Emporium.
 30265 | Elf:1    | Noticed Agnes
 30268 | Elf:1    | Killed Agnes
 30325 | Elf:1    | Found Enyethy's Jewellery Shop.
 30447 | Elf:1    | Identified Pyexzora's Catalogue of Stolen Souls
 30725 | Elf:1    | Found Ypnop's Food Shop.
 30813 | Elf:2    | Reached XP level 19. HP: 82/165 MP: 28/30
 31523 | Elf:2    | Found a runed gate.
 31523 | Elf:2    | Found a runed gate.
 31523 | Elf:2    | Found a runed gate.
 32062 | Elf:3    | Entered Level 3 of the Elven Halls
 32115 | Elf:3    | Found Acacekea's Jewellery Shop.
 32129 | Elf:3    | Bought the ring "Vinwutoh" {rElec rPois rN+++ Dex-5 SInv} for 535 gold pieces
 32210 | Elf:3    | Found Joluk's Gadget Emporium.
 32211 | Elf:3    | Found Deck's Jewellery Shop.
 32212 | Elf:3    | Found Oxkaemer's Gadget Emporium.
 32220 | Elf:3    | Bought a +4 amulet of reflection for 513 gold pieces
 32320 | Elf:3    | Reached skill level 5 in Charms
 32332 | Elf:3    | HP: 7/166 [deep elf master archer/arrow (10)]
 32332 | Elf:3    | Shot with an arrow by a deep elf master archer

Skill      XL: |  1  2  3  4  5  6  7  8  9 10 11 12 13 14 15 16 17 18 19 |
---------------+----------------------------------------------------------+-----
Armour         | 1 2 3 4 5 6 8 9 10 11 12 13 | 13.5
Fighting       | 3 4 5 6 7 8 9 10 11 12 13 | 13.8
Bows           | 5 6 7 8 10 11 12 13 14 15 16 17 | 17.4
Dodging        | 3 4 5 6 7 8 9 10 11 12 | 12.9
Staves         | 3 4 7 9 10 12 13 14 15 16 17 | 17.0
Invocations    | 3 6 8 9 10 11 12 13 | 13.1
Hexes          | 1 2 3 4 |  4.9
Spellcasting   | 1 2 3 4 |  4.8
Charms         | 1 2 3 4 5 |  5.0
Long Blades    | 4 6 7 8 9 |  9.5
Shields        | 2 4 6 7 8 |  8.0
Translocations | 1 3 4 |  4.8
Axes           | 1 4 5 |  5.5
Stealth        | |  0.7

Action                   |  1- 3 |  4- 6 |  7- 9 | 10-12 | 13-15 | 16-18 | 19-21 || total
-------------------------+-------+-------+-------+-------+-------+-------+-------++-------
Melee: Rapier            |       |     5 |       |       |       |       |       ||     5
       Unarmed           |       |    22 |       |       |       |       |       ||    22
       Quarterstaff      |       |       |   186 |   333 |   184 |   468 |    44 ||  1215
       Headbutt          |       |       |    36 |    74 |    69 |   176 |    13 ||   368
       Flail             |       |       |     1 |       |       |       |       ||     1
 Fire: Shortbow          |    74 |   120 |    55 |   156 |       |       |       ||   405
       Longbow           |       |       |       |    27 |   782 |   887 |   198 ||  1894
Throw: Tomahawk          |       |       |       |    15 |       |       |       ||    15
 Cast: Song of Slaying   |       |       |       |       |    29 |    72 |    17 ||   118
       Slow              |       |       |       |       |       |     1 |       ||     1
Invok: Slouch            |       |       |       |       |       |     3 |     6 ||     9
Evoke: Wand              |       |       |       |       |       |     1 |       ||     1
  Use: Potion            |     1 |     1 |       |     4 |     1 |     8 |       ||    15
       Scroll            |       |     1 |       |    29 |    19 |    13 |     3 ||    65
 Stab: Distracted        |       |       |       |       |       |     1 |       ||     1
  Eat: Chunk             |       |     5 |    11 |    10 |    20 |    23 |     4 ||    73
       Ration            |       |       |       |       |       |     1 |       ||     1
Armor: Leather armour    |    12 |     1 |       |       |       |       |       ||    13
       Skin              |       |    14 |       |       |       |       |       ||    14
       Scale mail        |       |     3 |     2 |       |       |       |       ||     5
       Ring mail         |       |       |    65 |    89 |   105 |   293 |    31 ||   583
Dodge: Dodged            |    18 |    22 |   156 |   294 |   415 |  1232 |    84 ||  2221
Block: Other             |       |       |       |       |       |     1 |     5 ||     6
       Reflection        |       |       |       |       |       |       |     2 ||     2
